AoeStats
← vindonissa

Black Forest

506701186Analyzed
4v4 RM · 19d ago on Sep 14, 2026· 67m 17s· 8 players
Game mode
Random Map
Map size
Large (8 player)
Population
200
Speed
Normal
Resources
Standard
Victory
Conquest
Starting age
Dark Age
Ending age
Imperial Age
RankedLock teamsTeams togetherTeam positionsShared explorationLock speedFull tech treeHidden civsTurbo modeCheats
Victory
Defeat
🇬🇧 Slavs · United Kingdom
1381
+16
🇦🇷 Mongols · Argentina
1371
+16
🇦🇷 Koreans · Argentina
1370
+16
🇦🇷 Cumans · Argentina
1341
+17
🇹🇷 Mongols · Türkiye
1381
-17
🇨🇭 Teutons · Switzerland
1378
-16
🇩🇪 Khmer · Germany
1370
-16
🇨🇦 Celts · Canada
1355
-16
Amazon Shopping
0:26 Loom
12:40 Feudal Age
16:01 Double-Bit Axe
15:58 Horse Collar
16:41 Fletching
vindonissa
13:00 Feudal Age
16:30 Castle Age
15:18 Double-Bit Axe
18:43 Bow Saw
19:47 Forging
19:47 Horse Collar
25:40 Gold Mining
29:42 Imperial Age
27:51 Wheelbarrow
27:42 Loom
27:42 Town Watch
28:04 Scale Barding Armor
29:19 Iron Casting
29:14 Hand Cart
29:14 Bloodlines
29:43 Chain Barding Armor
29:47 Onager
30:10 Cavalier
32:53 Blast Furnace
33:12 Plate Barding Armor
34:29 Heavy Plow
35:26 Paladin
36:30 Conscription
41:11 Sappers
42:03 Stone Mining
42:44 Scale Mail Armor
42:46 Elite Teutonic Knight
44:01 Hoardings
43:47 Chain Mail Armor
43:24 Fletching
44:40 Padded Archer Armor
45:11 Plate Mail Armor
45:44 Chemistry
45:05 Ballistics
44:57 Masonry
45:47 Bodkin Arrow
45:59 Siege Engineers
48:41 Bombard Tower
49:39 Padded Archer Armor
50:19 Elite Skirmisher
55:10 Leather Archer Armor
56:42 Ring Archer Armor
57:17 Fortified Wall
60:54 Pikeman
61:35 Squires
61:21 Arson
63:59 Halberdier
viddie
9:06 Loom
11:53 Feudal Age
15:59 Castle Age
13:51 Double-Bit Axe
14:55 Fishing Lines
16:59 Bow Saw
17:29 Gillnets
20:40 Wheelbarrow
21:24 Gold Mining
26:44 Imperial Age
24:25 Horse Collar
24:42 Stone Mining
25:30 Scale Barding Armor
25:36 Forging
26:20 Bloodlines
26:11 Husbandry
26:38 Chain Barding Armor
27:32 Hand Cart
28:42 Plate Barding Armor
28:14 Horse Collar
28:45 Elite Battle Elephant
30:34 Conscription
31:09 Gold Shaft Mining
34:50 Iron Casting
34:16 Tusk Swords
37:44 Blast Furnace
37:09 Siege Engineers
39:59 Chemistry
39:22 Heavy Scorpion
43:00 Ballistics
45:16 Caravan
45:47 Light Cavalry
46:29 Hussar
57:17 Capped Ram
59:30 Double Crossbow
60:30 Hoardings
60:07 Masonry
59:48 Fletching
KhanShinnok
1:16 Loom
14:54 Feudal Age
15:23 Double-Bit Axe
16:03 Fishing Lines
20:08 Castle Age
20:55 Stone Mining
21:04 Gold Mining
21:40 Bow Saw
29:16 Imperial Age
27:46 Fletching
27:57 Padded Archer Armor
29:25 Bodkin Arrow
30:43 Bracer
31:10 Ballistics
33:40 Chemistry
33:12 Fortified Wall
33:13 Masonry
33:04 Horse Collar
35:42 Elite Mangudai
38:28 Gold Shaft Mining
38:28 Stone Shaft Mining
39:43 Conscription
40:02 Parthian Tactics
41:49 Caravan
42:06 Leather Archer Armor
45:04 Wheelbarrow
45:43 Husbandry
45:53 Bloodlines
47:24 Siege Engineers
49:18 Thumb Ring
56:35 Hoardings
56:22 Sappers
57:09 Nomads
MRJ
0:54 Loom
13:31 Feudal Age
18:34 Castle Age
17:09 Horse Collar
17:56 Double-Bit Axe
20:04 Bow Saw
22:26 Town Watch
23:49 Heavy Plow
25:56 Wheelbarrow
27:38 Gold Mining
30:43 Imperial Age
28:46 Squires
29:29 Scale Barding Armor
29:35 Forging
29:19 Stone Mining
29:58 Hand Cart
30:10 Fortified Wall
29:35 Pikeman
30:18 Scale Mail Armor
31:50 Chain Barding Armor
32:41 Gold Shaft Mining
34:19 Chain Mail Armor
33:30 Halberdier
36:59 Plate Mail Armor
37:06 Iron Casting
40:14 Blast Furnace
41:25 Capped Ram
48:24 Chemistry
47:45 Ballistics
48:02 Plate Barding Armor
47:18 Fletching
47:29 Padded Archer Armor
47:54 Conscription
48:23 Siege Ram
51:45 Bodkin Arrow
56:58 Onager
58:35 Siege Onager
59:42 Detinets
60:19 Hoardings
64:55 Caravan
67:33 Two-Man Saw
67:06 Crop Rotation
ValkriaN
6:08 Loom
9:42 Feudal Age
11:03 Double-Bit Axe
11:00 Horse Collar
16:22 Wheelbarrow
17:29 Gold Mining
20:40 Castle Age
20:42 Forging
20:39 Scale Barding Armor
22:45 Hand Cart
22:44 Bow Saw
22:37 Heavy Plow
25:13 Gold Shaft Mining
24:51 Bloodlines
26:12 Stone Mining
29:01 Iron Casting
28:46 Chain Barding Armor
31:18 Imperial Age
30:23 Light Cavalry
31:10 Steppe Husbandry
31:29 Squires
31:14 Arson
31:40 Cavalier
33:22 Blast Furnace
32:57 Plate Barding Armor
32:57 Conscription
33:10 Crop Rotation
33:43 Two-Man Saw
32:20 Elite Steppe Lancer
33:06 Caravan
33:37 Coinage
33:17 Guilds
34:26 Chemistry
33:47 Ballistics
33:14 Paladin
39:25 Hussar
42:15 Hoardings
43:17 Murder Holes
45:02 Fletching
67:35 Padded Archer Armor
67:50 Masonry
67:57 Masonry
sk
10:05 Feudal Age
12:12 Double-Bit Axe
14:31 Castle Age
13:27 Horse Collar
15:34 Bow Saw
18:43 Forging
23:02 Gold Mining
23:47 Husbandry
23:57 Bloodlines
26:18 Wheelbarrow
26:15 Stone Mining
28:41 Stone Shaft Mining
28:42 Gold Shaft Mining
29:13 Hand Cart
30:31 Fletching
33:13 Imperial Age
32:11 Bodkin Arrow
32:58 Padded Archer Armor
33:56 Bracer
34:19 Ballistics
34:59 Chemistry
34:06 Thumb Ring
34:27 Parthian Tactics
33:56 Elite Mangudai
35:03 Murder Holes
36:39 Leather Archer Armor
37:23 Loom
39:37 Conscription
46:02 Shipwright
45:35 Guard Tower
45:58 Fortified Wall
48:32 Heavy Plow
55:25 Drill
55:28 Capped Ram
56:27 Siege Ram
58:19 Coinage
59:49 Siege Engineers
poi
0:43 Loom
12:00 Feudal Age
13:01 Double-Bit Axe
15:47 Fletching
23:43 Castle Age
23:20 Horse Collar
24:29 Bodkin Arrow
26:17 Bow Saw
28:59 Fortified Wall
31:00 Wheelbarrow
35:40 Imperial Age
33:48 Pikeman
34:28 Squires
34:32 Scale Mail Armor
34:42 Forging
35:30 Ballistics
35:07 Murder Holes
35:51 Chain Mail Armor
37:44 Masonry
38:31 Elite Fire Lancer
39:53 Plate Mail Armor
43:08 Hand Cart
46:24 Eupseong
47:52 Chemistry
47:43 Halberdier
50:08 Iron Casting
49:38 Bracer
50:56 Siege Engineers
51:51 Conscription
52:30 Iron Casting
52:55 Man-at-Arms
53:21 Gambesons
54:37 Arson
57:41 Long Swordsman
58:52 Caravan
59:34 Coinage
59:25 Two-Handed Swordsman
61:39 Arrowslits
62:15 Ballistics
61:37 Treadmill Crane
63:49 Champion
64:51 Gold Mining
64:52 Stone Mining
65:35 Banking
Connection lost

Rejoining the realm…

Still unreachable

The connection could not be restored.

Session expired

The server has moved on; the page needs a fresh start.